 Dungeon Crawl Stone Soup version 0.31.0-9-g3a7656b989 (webtiles) character file.

Game seed: 15184262974280981884

44 qw the Shooter (level 3, -2/20 HPs)
             Began as a Deep Elf Hunter on Feb 2, 2024.
             Slain by Terence
             ... wielding a +0 mace
              (7 damage)
             ... on level 2 of the Dungeon.
             The game lasted 00:00:03 (843 turns).

qw the Shooter (Deep Elf Hunter)                     Turns: 843, Time: 00:00:04

Health: -2/20      AC:  8    Str: 10    XL:     3   Next: 39%
Magic:  5/5        EV: 11    Int: 13    God:
Gold:   35         SH:  0    Dex: 18    Spells: 2/2 levels left

rFire   . . .        a - +1 shortbow
rCold   . . .        (shield currently unavailable)
rNeg    . . .        j - +0 ring mail
rPois   .            (no helmet)
rElec   .            (no cloak)
rCorr   .            f - +2 pair of gloves
SInv    .            (no boots)
Will    .....        (no amulet)
Stlth   +            (no ring)
HPRegen 0.23/turn    (no ring)
MPRegen 0.09/turn

%: no passive effects
@: no status effects
A: no striking features
a: no special abilities


You were on level 2 of the Dungeon.
You visited 1 branch of the dungeon, and saw 2 of its levels.

You collected 35 gold pieces.


   Skills:
 - Level 1.5 Fighting
 + Level 7.0 Ranged Weapons
 - Level 2.4 Dodging
 - Level 1.2 Stealth


You had 2 spell levels left.
You didn't know any spells.
Your spell library was empty.

Inventory:

Hand Weapons
 a - a +1 shortbow (weapon)
Armour
 f - a +2 pair of gloves (worn)
 j - a +0 ring mail (worn)
Jewellery
 b - an amulet of magic regeneration
Scrolls
 c - a scroll of fog {unknown}
Potions
 g - a potion of degeneration {unknown}
 m - a potion of heal wounds {unknown}

Dungeon Overview and Level Annotations

Branches:
Dungeon (2/15)

Altars:

Shops:
D:1 =

Annotations:
D:2 Terence


Message History

You kill the rat!
Your Ranged Weapons skill increases to level 7!
c - a scroll labelled ETOMUETEOG Terence and a frilled lizard come into view.
The frilled lizard moves out of view.
You shoot an arrow. The arrow barely misses Terence.
Terence shouts!
You shoot an arrow. The frilled lizard hisses angrily.
The arrow hits Terence but does no damage.
You shoot an arrow. The arrow barely misses Terence.
You shoot an arrow.
The arrow hits Terence but does no damage.
A ball python comes into view.
Terence closely misses you.
You shoot an arrow. The ball python hisses angrily.
The arrow hits Terence.
Terence is moderately wounded.
Terence closely misses you.
You shoot an arrow. The arrow barely misses Terence.
Terence hits you with a +0 mace.
You shoot an arrow.
The arrow hits Terence but does no damage.
Terence is moderately wounded.
Terence hits you with a +0 mace.
You shoot an arrow.
The arrow hits Terence but does no damage.
Terence is moderately wounded.
Terence hits you with a +0 mace.
You shoot an arrow. The arrow hits Terence.
Terence is heavily wounded.
Terence barely misses you. Terence hits you with a +0 mace.
You shoot an arrow. The arrow barely misses Terence.
Terence hits you with a +0 mace.
You shoot an arrow. The arrow hits Terence.
Terence is severely wounded.
Terence hits you with a +0 mace!
You die...
Terence says, "Time to find some more victims."

#...## #....# ....#
##..## ########....#
......)..#.###########
.#######.#...........###
.# #.##.^.....).....
.#######.##..###@###.###
............%# #.@lS....
.#.#####.##..# #.###.###
.#.# #.##......# ...#
#.##|##.### .### #.##.#
.# .# #.##.# # .# #.##.
.# #..


You could see Terence, a ball python and a frilled lizard.

Vanquished Creatures
  A dart slug (D:2)
  A ribbon worm (D:2)
  3 endoplasms (D:1)
  3 giant cockroaches (D:1)
  4 goblins
  2 hobgoblins (D:1)
  2 jackals (D:1)
  7 kobolds
  3 quokkas
  A ball python (D:1)
  3 frilled lizards (D:1)
  5 rats
35 creatures vanquished.

Notes
Turn   | Place    | Note
-------+----------+-------------------------------------------
     0 | D:1      | qw the Deep Elf Hunter began the quest for the Orb.
     0 | D:1      | Reached XP level 1. HP: 12/12 MP: 3/3
     0 | D:1      | 0 ||| qw: Version: 0.3-a-155-g5e7d8dd
     0 | D:1      | 0 ||| qw: Game counter: 1279
     0 | D:1      | 0 ||| qw: Melee chars always use a shield: true
     0 | D:1      | 0 ||| qw: God list: Okawaru
     0 | D:1      | 0 ||| qw: Allow faded altars: false
     0 | D:1      | 0 ||| qw: Do Orc after clearing Dungeon:15 true
     0 | D:1      | 0 ||| qw: Do second Lair branch before Depths: true
     0 | D:1      | 0 ||| qw: Lair rune preference: random
     0 | D:1      | 0 ||| qw: Goals: Normal
     0 | D:1      | 0 ||| PLANNING D:1-11
   159 | D:1      | Found Gug Zoew's Jewellery Shoppe.
   163 | D:1      | 163 ||| SHOPLISTING +4 ring of protection (360 gold, have
                  | 16).
   163 | D:1      | 163 ||| SHOPLISTING amulet of faith (400 gold, have 16).
   163 | D:1      | 163 ||| SHOPLISTING amulet of guardian spirit (300 gold,
                  | have 16).
   163 | D:1      | 163 ||| SHOPLISTING ring of fire (250 gold, have 16).
   163 | D:1      | 163 ||| SHOPLISTING ring of ice (250 gold, have 16).
   163 | D:1      | 163 ||| SHOPLISTING ring of poison resistance (200 gold,
                  | have 16).
   193 | D:1      | Reached XP level 2. HP: 8/16 MP: 4/4
   207 | D:1      | Reached skill level 6 in Ranged Weapons
   593 | D:1      | Reached XP level 3. HP: 20/20 MP: 5/5
   738 | D:1      | 738 ||| UPGRADING to +0 pair of gloves.
   743 | D:1      | 743 ||| UPGRADING to +0 ring mail.
   753 | D:1      | 753 ||| DROPPING +0 leather armour.
   754 | D:1      | 754 ||| READING scroll labelled CEUFRU AGORAEN.
   754 | D:1      | 754 ||| IDENTIFYING bubbling coppery potion
   755 | D:1      | 755 ||| READING scroll labelled YGUOKK OLOSE.
   755 | D:1      | 755 ||| ENCHANTING +0 shortbow.
   756 | D:1      | 756 ||| READING 2 scrolls labelled EPUNINIFANT.
   756 | D:1      | 756 ||| ENCHANTING +0 pair of gloves.
   757 | D:1      | 757 ||| READING scroll of enchant armour.
   757 | D:1      | 757 ||| ENCHANTING +1 pair of gloves.
   758 | D:1      | 758 ||| READING scroll labelled SEALUP NILUSM.
   759 | D:1      | 759 ||| READING scroll labelled LIUKUTHROMA.
   760 | D:1      | 760 ||| DROPPING scroll of butterflies.
   761 | D:1      | 761 ||| DROPPING potion of attraction.
   827 | D:2      | Reached skill level 7 in Ranged Weapons
   832 | D:2      | Noticed Terence
   842 | D:2      | HP: 5/20 [Terence/+0 mace (2)]
   843 | D:2      | Slain by Terence

Levels and vault maps discovered:
D:1:      amcnicky_arrival_flooded_fountain, layout_basic, serial_shops,
          nicolae_shop_gaudy_bauble, serial_bayou_ford_a, minmay_quantized
D:2:      layout_loops_ring, basic_altar, glass_columns_b,
          minmay_strange_pillars, kennysheep_generic_room_3, uniq_terence,
          uniq_sigmund, uniq_crazy_yiuf_cottage

Skill      XL: |  1  2  3 |
---------------+----------+-----
Ranged Weapons | 6 7 |  7.0
Fighting       | |  1.5
Dodging        | |  2.4
Stealth        | |  1.2

Action                     || total
---------------------------++-------
   Fire: Shortbow          ||   100
    Use: Scroll            ||     6
 Armour: Leather armour    ||     5
         Ring mail         ||     6
  Dodge: Dodged            ||    13

Table legend:
 A = Non-vault XP
 B = Vault XP
 C = Vault XP percentage of total XP
 D = Non-vault monster count
 E = Vault monster count
 F = Vault count percentage of total count
                 A         B        C        D         E       F
            +---------+---------+-------+---------+---------+-------
      Total |      58 |       5 |   7.9 |      31 |       4 |  11.4
            +---------+---------+-------+---------+---------+-------
        D:1 |      44 |       5 |  10.2 |      25 |       4 |  13.8
        D:2 |      14 |       0 |   0.0 |       6 |       0 |   0.0
            +---------+---------+-------+---------+---------+-------
